 Dungeon Crawl Stone Soup version 0.22.0-5-gf09313c (webtiles) character file.

58 zishaf the Firebug (level 3, -1/19 HPs)
             Began as a Deep Elf Fire Elementalist on Aug 13, 2018.
             Slain by a gnoll (6 damage)
             ... on level 2 of the Dungeon.
             The game lasted 00:03:49 (1847 turns).

zishaf the Firebug (Deep Elf Fire Elementalist)     Turns: 1847, Time: 00:03:49

Health: -1/19      AC:  2    Str:  5    XL:     3   Next: 75%
Magic:  6/9        EV: 14    Int: 20    God:
Gold:   73         SH:  0    Dex: 15    Spells: 5/8 levels left

rFire    . . .     SeeInvis .   (no weapon)
rCold    . . .     Gourm    .   (no shield)
rNeg     . . .     Faith    .   a - +0 robe
rPois    .         Spirit   .   (no helmet)
rElec    .         Reflect  .   (no cloak)
rCorr    .         Harm     .   (no gloves)
MR       .....                  (no boots)
Stlth    ++........             (no amulet)
HPRegen  0.06/turn              (no ring)
MPRegen  0.11/turn              (no ring)

@: very slightly contaminated
A: no striking features
a: no special abilities


You were on level 2 of the Dungeon.
You were hungry.

You visited 1 branch of the dungeon, and saw 2 of its levels.

You collected 73 gold pieces.

Inventory:

Armour
 a - a +0 robe (worn)
Scrolls
 e - a scroll of fog {unknown}
 g - a scroll of identify {unknown}
 h - a scroll of enchant weapon {unknown}
 i - a scroll of enchant armour {unknown}
 j - a scroll of teleportation {unknown}
 k - 2 scrolls of remove curse {unknown}
 l - a scroll of amnesia {unknown}
Potions
 b - a potion of flight {unknown}
 d - a potion of berserk rage {unknown}
 f - 3 potions of curing {unknown}
 m - a potion of degeneration {unknown}
Comestibles
 c - 2 rations


   Skills:
 + Level 3.5 Dodging
 - Level 2.4 Stealth
 - Level 3.0 Spellcasting
 + Level 2.4 Conjurations
 + Level 4.0 Fire Magic


You had 5 spell levels left.
You knew the following spells:

 Your Spells              Type           Power        Failure   Level  Hunger
a - Flame Tongue          Conj/Fire      ###..        3%          1    None
b - Throw Flame           Conj/Fire      ###...       6%          2    ##.....

Your spell library contained the following spells:

 Spells                   Type           Power        Failure   Level  Hunger
 Fireball                 Conj/Fire      ###.......   71%         5    ######.
 Conjure Flame            Conj/Fire      ###.....     12%         3    ###....
 Sticky Flame             Conj/Fire      ###.....     36%         4    ####...
 Inner Flame              Hex/Fire       ##......     19%         3    ###....


Dungeon Overview and Level Annotations

Branches:
Dungeon (2/15)

Altars:
Gozag
Yredelemnul
The Shining One


Message History

The gnoll hits you!
* * * LOW HITPOINT WARNING * * *
Casting: Flame Tongue (safe; 3% risk of failure)
Confirm with . or Enter, or press ? or * to list all spells.
Aiming: Flame Tongue (safe; 3% risk of failure)
Press: ? - help, Shift-Dir - straight line, f/p - gnoll
Aim: a gnoll, wearing a triangular copper amulet (moderately wounded)
The flame tongue hits the gnoll.
The gnoll is heavily wounded.
The jackal barks!
The gnoll barely misses you.
Casting: Flame Tongue (safe; 3% risk of failure)
Confirm with . or Enter, or press ? or * to list all spells.
Aiming: Flame Tongue (safe; 3% risk of failure)
Press: ? - help, Shift-Dir - straight line, f/p - gnoll
Aim: a gnoll, wearing a triangular copper amulet (heavily wounded)
You miscast Flame Tongue.
You are very lightly contaminated with residual magic.
Sparks fly from your hands! The gnoll hits you.
You die...

#.##...........# #.....#
#.##...........# #.....##
#.###....####'######.#...
#######.# ###..#
#........#### #.......#
#..# ########## #.#######
#..# #.# #..# #.#
######..# #.# #..h..g@#
#.# ####.######## #.#
#...........# #.#
#...........#
#.###...........#
#....<..........#
#####......)....#
#........g..#
#...........#


You could see a gnoll and a jackal.

Vanquished Creatures
  2 gnolls
  A dart slug (D:1)
  A leopard gecko (D:1)
  3 bats
  A giant cockroach (D:1)
  2 hobgoblins (D:2)
  10 jackals
  4 kobolds (D:1)
  2 frilled lizards
  3 goblins (D:2)
  6 rats
35 creatures vanquished.

Notes
Turn   | Place    | Note
-------+----------+-------------------------------------------
     0 | D:1      | zishaf the Deep Elf Fire Elementalist began the quest for the Orb.
     0 | D:1      | Reached XP level 1. HP: 10/10 MP: 6/6
   236 | D:1      | Reached XP level 2. HP: 15/15 MP: 2/8
   721 | D:1      | Learned a level 2 spell: Throw Flame
   989 | D:2      | Reached XP level 3. HP: 19/19 MP: 5/9
  1024 | D:2      | Found a basalt altar of Yredelemnul.
  1551 | D:2      | Found a glowing golden altar of the Shining One.
  1553 | D:2      | Found an opulent altar of Gozag.
  1755 | D:2      | Reached skill level 4 in Fire Magic
  1847 | D:2      | Slain by a gnoll

Skill      XL: |  1  2  3 |
---------------+----------+-----
Dodging        | 3 |  3.5
Conjurations   | 2 |  2.4
Fire Magic     | 4 |  4.0
Stealth        | |  2.4
Spellcasting   | |  3.0

Action                   || total
-------------------------++-------
 Cast: Flame Tongue      ||    65
       Throw Flame       ||     5
  Eat: Chunk             ||     2
Armor: Robe              ||     4
Dodge: Dodged            ||    27
